 Dungeon Crawl Stone Soup version 0.25.0-9-g26727b657a (webtiles) character file.

Game seed: 9445163186830949422

58 nikku the Shield-Bearer (level 3, -1/34 HPs)
             Began as a Deep Dwarf Fighter on June 17, 2020.
             Slain by an orc
             ... wielding a +0 mace
              (2 damage)
             ... on level 2 of the Dungeon.
             The game lasted 00:02:02 (924 turns).

nikku the Shield-Bearer (Deep Dwarf Fighter)         Turns: 924, Time: 00:02:03

Health: -1/34      AC:  7    Str: 20    XL:     3   Next: 75%
Magic:  3/3        EV:  7    Int:  8    God:
Gold:   123        SH:  9    Dex: 12    Spells: 2/2 levels left

rFire    . . .     SeeInvis .   a - +0 war axe
rCold    . . .     Gourm    .   c - +0 kite shield
rNeg     . . .     Faith    .   b - +0 scale mail
rPois    .         Spirit   .   (no helmet)
rElec    .         Reflect  .   (no cloak)
rCorr    .         Harm     .   (no gloves)
MR       .....                  (no boots)
Stlth    ..........             (no amulet)
HPRegen  0.00/turn              (no ring)
MPRegen  0.08/turn              (no ring)

@: non-regenerating
A: damage resistance, heal wounds, sense surroundings 1, no regeneration
a: Heal Wounds


You were on level 2 of the Dungeon.
You were not hungry.

You visited 1 branch of the dungeon, and saw 2 of its levels.

You collected 123 gold pieces.

Inventory:

Hand Weapons
 a - a +0 war axe (weapon)
Armour
 b - a +0 scale mail (worn)
 c - a +0 kite shield (worn)
Scrolls
 e - a scroll of identify
Potions
 d - a potion of might
 h - a potion of flight
 i - a potion of brilliance {unknown}
 j - a potion of lignification {unknown}
Comestibles
 f - 3 rations
 g - 7 chunks of flesh


   Skills:
 + Level 3.1 Fighting
 + Level 2.9 Axes
 + Level 3.8 Armour
 + Level 3.9 Shields


You had 2 spell levels left.
You didn't know any spells.
Your spell library was empty.

Dungeon Overview and Level Annotations

Branches:
Dungeon (2/15)

Altars:
Wu Jian


Innate Abilities, Weirdness & Mutations

You are resistant to damage.
You can heal yourself by infusing magical energy.
You passively map a small area around you.
You do not regenerate.


Message History

* * * LOW HITPOINT WARNING * * *
You block the orc warrior's attack. The orc wizard closely misses you.
The orc hits you but does no damage.
You hit the orc wizard.
The orc wizard is heavily wounded.
You closely miss the orc warrior. You hit the orc.
The orc wizard looks braver for a moment.
You block the orc warrior's attack.
The orc wizard hits you but does no damage.
The orc hits you but does no damage.
The orc wizard hits you with a +0 dagger.
The orc warrior barely misses you.
Your scale mail prevents you from hitting the orc wizard.
The orc wizard is heavily wounded.
You closely miss the orc.
You hit the orc warrior but do no damage.
The orc hits you but does no damage.
The orc wizard hits you but does no damage. x2
You block the orc warrior's attack. The orc hits you with a +0 mace.
You die...

, , ,, #.. .# #..#_# , *
#..#.# * * ###.#..#.# ,,
..<.#..#.# , , * .........#
#.., , ,,.........# #... *
** , *#.#.#@.# #...######
######.#.ooo## #.......[. ,
......o####..#####.........
,
.........รท........>........
*
.........###..####.#.......
.#######.# ##.# #.#....... *
#.# #.## #.#....... , ..#
#..# #.#....... ,*
#######.###)#.......


You could see an orc warrior, an orc wizard (fast) and an orc.

Vanquished Creatures
  An adder (D:2)
  An ooze (D:1)
  5 dart slugs
  A leopard gecko (D:2)
  An orc (D:2)
  4 giant cockroaches
  8 goblins (D:1)
  A hobgoblin (D:1)
  2 jackals (D:1)
  A ball python (D:1)
  3 bats (D:1)
  3 rats
31 creatures vanquished.

Notes
Turn   | Place    | Note
-------+----------+-------------------------------------------
     0 | D:1      | nikku the Deep Dwarf Fighter began the quest for the Orb.
     0 | D:1      | Reached XP level 1. HP: 20/20 MP: 1/1
   172 | D:1      | Reached XP level 2. HP: 18/27 MP: 2/2
   439 | D:1      | Reached XP level 3. HP: 31/34 MP: 3/3
   909 | D:2      | Noticed an orc warrior
   915 | D:2      | Found an ornate altar of the Wu Jian Council.
   922 | D:2      | HP: 1/34 [orc wizard/puff of frost (7)]
   924 | D:2      | Slain by an orc

Illustrated notes

Levels and vault maps discovered:
D:1:      matt_arrival_refuge, layout_loops_ring, st_stairs_13,
          chequers_serial_rivers_small_a, minivault_4
D:2:      layout_basic, overflow_temple_1_default,
          nemelex_xobeh_ov_fountains_minmay, fedhas_altar_2, first_ration

Skill      XL: |  1  2 |
---------------+-------+-----
Fighting       | 3 |  3.1
Axes           | |  2.9
Armour         | |  3.8
Shields        | |  3.9

Action                   || total
-------------------------++-------
Melee: War axe           ||    94
 Abil: Heal Wounds       ||     1
  Use: Scroll            ||     1
Armor: Scale mail        ||    35
Dodge: Dodged            ||    34
Block: Kite shield       ||    54
